 Dungeon Crawl Stone Soup version 0.25.1-4-g9407a263a5 (webtiles) character file.

Game seed: 533857267206492237

216 Clowwww the Chopper (level 5, -7/38 HPs)
             Began as a Demonspawn Gladiator on Nov 27, 2020.
             Mangled by an orc wizard
             ... wielding a +0 dagger of electrocution
              (14 damage)
             ... on level 4 of the Dungeon.
             The game lasted 00:10:07 (2978 turns).

Clowwww the Chopper (Demonspawn Gladiator)          Turns: 2978, Time: 00:10:07

Health: -7/38      AC:  5    Str: 15    XL:     5   Next: 61%
Magic:  5/5        EV: 13    Int:  9    God:
Gold:   215        SH:  0    Dex: 15    Spells: 4/4 levels left

rFire    . . .     SeeInvis .   a - +0 war axe
rCold    . . .     Gourm    .   (no shield)
rNeg     . . .     Faith    .   b - +0 leather armour
rPois    .         Spirit   .   c - +0 helmet
rElec    .         Reflect  .   (no cloak)
rCorr    .         Harm     .   i - +0 pair of gloves
MR       .....                  (no boots)
Stlth    +.........             (no amulet)
HPRegen  0.12/turn              (no ring)
MPRegen  0.09/turn              (no ring)

@: hasted, very quick
A: talons 2, powered by death 1
a: no special abilities


You were on level 4 of the Dungeon.
You were not hungry.

You visited 1 branch of the dungeon, and saw 4 of its levels.

You collected 215 gold pieces.

Inventory:

Hand Weapons
 a - a +0 war axe (weapon)
Missiles
 d - 4 throwing nets
 q - 3 boomerangs (quivered)
Armour
 b - a +0 leather armour (worn)
 c - a +0 helmet (worn)
 i - a +0 pair of gloves (worn)
Jewellery
 v - a +4 ring of protection {unknown}
Scrolls
 j - a scroll of blinking {unknown}
 k - a scroll of fear {unknown}
 m - a scroll of enchant weapon {unknown}
 n - 3 scrolls of remove curse {unknown}
 o - a scroll of teleportation {unknown}
 p - a scroll of magic mapping {unknown}
Potions
 e - 2 potions of heal wounds {unknown}
 h - a potion of mutation {unknown}
 l - 2 potions of ambrosia {unknown}
 r - a potion of curing {unknown}
 s - a potion of magic {unknown}
 t - a potion of flight {unknown}
Comestibles
 f - 3 rations


   Skills:
 + Level 2.3 Fighting
 + Level 4.7 Axes
 + Level 1.8 Throwing
 + Level 2.0 Armour
 + Level 3.3 Dodging
 + Level 0.1 Stealth


You had 4 spell levels left.
You didn't know any spells.
Your spell library was empty.

Dungeon Overview and Level Annotations

Branches:
Dungeon (4/15)
 Temple: D:4-7

Altars:
Nemelex Xobeh

Annotations:
D:4 Ijyb


Innate Abilities, Weirdness & Mutations

You have razor-sharp toenails.
You regenerate a little health from kills.


Message History

The orc is heavily wounded.
The orc closely misses you.
The orc wizard gestures wildly while chanting.
The orc wizard flickers and vanishes!
You hit the orc but do no damage. You claw the orc.
You kill the orc!
Ijyb the Twisted Goblin comes into view.
She is wielding a +0 dagger and carrying a wand of disintegration (18).
You hear some strange, mumbled words.
Something hits you but does no damage.
You closely miss something. You claw something.
Something hits you but does no damage.
You are electrocuted!
Something hits you but does no damage.
You are electrocuted!!
Ouch! That really hurt!
* * * LOW HITPOINT WARNING * * *
Okay, then.
Something hits you but does no damage.
You feel yourself speed up. Something hits you.
* * * LOW HITPOINT WARNING * * *
You are electrocuted!
You die...

.. #. #.# #.#
#.### #... #..#
#.@#############
#o.............#
#.############.#
#.# #.# #g# #.#
#.# #.# #.# #.#
#.# ########.#
#.. #........#


You could see Ijyb and an orc.

Vanquished Creatures
  A centaur skeleton (D:3)
  An orc priest (D:3)
  8 adders
  An ooze (D:3)
  2 worms
  2 leopard geckos
  5 orcs
  3 ball pythons
  3 giant cockroaches (D:1)
  9 goblins
  10 hobgoblins
  2 jackals (D:2)
  2 quokkas
  9 bats
  A frilled lizard (D:1)
  6 kobolds
  8 rats
73 creatures vanquished.

Notes
Turn   | Place    | Note
-------+----------+-------------------------------------------
     0 | D:1      | Clowwww the Demonspawn Gladiator began the quest for the
                  | Orb.
     0 | D:1      | Reached XP level 1. HP: 16/16 MP: 1/1
   169 | D:1      | Reached skill level 3 in Axes
   214 | D:1      | Gained mutation: You have sharp toenails. [demonic
                  | ancestry]
   214 | D:1      | Reached XP level 2. HP: 21/22 MP: 2/2
   803 | D:1      | Gained mutation: You regenerate a little health from kills.
                  | [demonic ancestry]
   803 | D:1      | Reached XP level 3. HP: 25/27 MP: 3/3
  1178 | D:2      | Reached skill level 4 in Axes
  1306 | D:2      | Reached XP level 4. HP: 32/33 MP: 4/4
  1633 | D:3      | Reached skill level 1 in Armour
  2016 | D:3      | Found a sparkling altar of Nemelex Xobeh.
  2193 | D:3      | Gained mutation: You have razor-sharp toenails. [demonic
                  | ancestry]
  2193 | D:3      | Reached XP level 5. HP: 38/38 MP: 5/5
  2634 | D:3      | Found a faded altar of an unknown god.
  2971 | D:4      | Noticed Ijyb
  2978 | D:4      | Mangled by an orc wizard

Illustrated notes

Levels and vault maps discovered:
D:1:      saegor_arrival_simple_c, layout_basic
D:2:      layout_basic, palyth_stone_intersect
D:3:      layout_basic, chequers_ecumenical_altar_island, chequers_big_river,
          nemelex_spade_bored_becter
D:4:      layout_loops_ring, nicolae_ru_sacrificial_ziggurat,
          minmay_temple_entry_tees, enter_ossuary_4, uniq_edmund, uniq_purgy,
          uniq_natasha, uniq_blork_the_orc, uniq_ijyb

Skill      XL: |  1  2  3  4  5 |
---------------+----------------+-----
Axes           | 3 4 |  4.7
Dodging        | 3 |  3.3
Armour         | 1 2 |  2.0
Fighting       | |  2.3
Throwing       | |  1.8
Stealth        | |  0.1

Action                   |  1- 3 |  4- 6 || total
-------------------------+-------+-------++-------
Melee: War axe           |    96 |   107 ||   203
       Kick              |    12 |    28 ||    40
Throw: Boomerang         |       |     5 ||     5
  Use: Potion            |       |     1 ||     1
  Eat: Chunk             |     1 |     6 ||     7
Armor: Leather armour    |    40 |    32 ||    72
Dodge: Dodged            |    94 |    87 ||   181
